 Dungeon Crawl Stone Soup version 0.30-a0-782-ge64f9170bb (webtiles) character file.

Game seed: 1111402466870525136

81638 jasper the Fighter (level 15, 0/126 HPs)
             Began as a Demonspawn Hedge Wizard on Feb 18, 2023.
             Was a High Priest of Vehumet.
             Slain by a torpor snail (7 damage)
             ... on level 5 of the Lair of Beasts.
             The game lasted 01:04:11 (31398 turns).

jasper the Fighter (Demonspawn Hedge Wizard)       Turns: 31398, Time: 01:04:11

Health: 0/126      AC: 13    Str: 11    XL:     15   Next: 27%
Magic:  7/31       EV: 20    Int: 32    God:    Vehumet [*****.]
Gold:   650        SH:  5    Dex: 14    Spells: 18/39 levels left

rFire   . . .      SeeInvis .      - Unarmed
rCold   . . .      Faith    .    c - +0 buckler
rNeg    . . .      Spirit   .    P - +4 robe "Seodghih" {Int+5}
rPois   +          Reflect  .    w - +1 helmet
rElec   .          Harm     .    b - +1 cloak {Will+}
rCorr   .          Rampage  .    (gloves unavailable)
Will    ++...                    Q - +2 pair of boots
Stlth   ++                       W - amulet of magic regeneration
HPRegen 0.41/turn                j - ring of poison resistance
MPRegen 0.62/turn                V - +6 ring of intelligence

@: slowed, repel missiles, very slow
A: repulsion field 3, demonic guardian 2, powered by death 1, demonic touch 3,
screaming 1
a: Renounce Religion


You were on level 5 of the Lair of Beasts.
You worshipped Vehumet.
Vehumet was extremely pleased with you.
You visited 6 branches of the dungeon, and saw 25 of its levels.
You visited 1 bazaar.
You also visited: Gauntlet.

You collected 2455 gold pieces.
You spent 1805 gold pieces at shops.

Inventory:

Missiles
 a - a throwing net
 n - 37 poisoned darts
Armour
 b - a +1 cloak of willpower (worn)
 c - a +0 buckler (worn)
 w - a +1 helmet (worn)
 A - +2 steam dragon scales
 P - the +4 robe "Seodghih" (worn) {Int+5}
   (You found it on level 2 of the Lair of Beasts)

   Int:       It affects your intelligence (+5).
 Q - a +2 pair of boots (worn)
Magical Staves
 g - a staff of earth
 z - a staff of fire
Jewellery
 j - a ring of poison resistance (left hand)
 q - an amulet of faith
 r - a ring of fire
 s - a ring of magical power
 F - a ring of wizardry
 N - an amulet of reflection
 V - a +6 ring of intelligence (right hand)
 W - an amulet of magic regeneration (around neck)
Wands
 l - a wand of mindburst (11)
 o - a wand of polymorph (15)
 D - a wand of paralysis (12)
 E - a wand of flame (31)
 I - a wand of iceblast (15)
 Z - a wand of light (2)
Scrolls
 f - 9 scrolls of teleportation
 k - 2 scrolls of magic mapping
 m - a scroll of amnesia
 p - 3 scrolls of vulnerability
 y - 5 scrolls of fog
 L - 7 scrolls of immolation
 M - a scroll of fear
 O - a scroll of poison
 R - 3 scrolls of silence
 S - 6 scrolls of identify
 U - 2 scrolls of enchant armour
 X - 2 scrolls of brand weapon
Potions
 d - 4 potions of magic
 e - a potion of cancellation {unknown}
 h - 6 potions of might
 i - 6 potions of brilliance
 t - a potion of ambrosia
 u - 12 potions of curing
 v - a potion of haste
 x - a potion of mutation
 C - 2 potions of degeneration
 H - 2 potions of resistance
 J - 2 potions of berserk rage
 K - 2 potions of flight
 Y - a potion of attraction
Miscellaneous
 G - a tin of tremorstones (2/2)


   Skills:
 + Level 14.2 Fighting
 + Level 10.0 Dodging
 - Level 1.7 Stealth
 - Level 4.0 Shields
 - Level 5.0 Unarmed Combat
 + Level 12.5 Spellcasting
 - Level 9.3 Conjurations
 - Level 2.1 Summonings
 - Level 2.0 Necromancy
 - Level 2.0 Translocations
 - Level 5.0 Fire Magic
 - Level 2.0 Air Magic
 - Level 9.3 Earth Magic
 - Level 2.0 Poison Magic


You had 18 spell levels left.
You knew the following spells:

 Your Spells              Type           Power      Damage    Failure   Level
a - Magic Dart            Conj           100%       1d8       1%          1
b - Cigotuvi's Dreadful   Necr/Pois/Air  64%        N/A       1%          2
c - Call Imp              Summ           33%        N/A       1%          2
d - Blink                 Tloc           64%        N/A       1%          2
e - Mephitic Cloud        Conj/Pois/Air  48%        N/A       1%          3
f - Stone Arrow           Conj/Erth      100%       3d13      1%          3
g - Sticky Flame          Conj/Fire      60%        2d8       1%          4
h - Summon Lightning Spi  Summ/Air       33%        N/A       13%         4

Your spell library contained the following spells:

 Spells                   Type           Power      Damage    Failure   Level
 Lee's Rapid Deconstruct  Erth           34%        3d17*     1%          5
 Momentum Strike          Conj/Tloc      100%       3d10      1%          2
 Dazzling Flash           Conj/Hex       100%       N/A       1%          3
 Inner Flame              Hex/Fire       36%        N/A       1%          3
 Flame Wave               Conj/Fire      60%        2d14      1%          4
 Fireball                 Conj/Fire      30%        3d13      1%          5
 Lightning Bolt           Conj/Air       27%        1d43      2%          5
 Slow                     Hex            80%        N/A       3%          1
 Airstrike                Air            16%        2d(3-19)  3%          4
 Manifold Assault         Tloc           32%        N/A       13%         4
 Cause Fear               Hex            10%        N/A       30%         4
 Agony                    Necr           32%        N/A       36%         5
 Silence                  Hex/Air        13%        N/A       50%         5
 Storm Form               Tmut/Air       13%        N/A       100%        7
 Discord                  Hex            10%        N/A       100%        8


Dungeon Overview and Level Annotations

Branches:
Dungeon (15/15)            Temple (1/1) D:7            Lair (5/5) D:11
  Swamp (1/4) Lair:3       Spider (1/4) Lair:3          Orc (2/2) D:12
    Elf (0/3) Orc:2        Vaults (0/5) D:14         Depths (0/4) D:15
Gauntlet (visited)
  Slime: Lair:4-5

Altars:
Ashenzari
Cheibriados
Dithmenos
Fedhas
Gozag
Hepliaklqana
Kikubaaqudgha
Makhleb
Nemelex Xobeh
Okawaru
Qazlal
Ru
Sif Muna
Trog
Uskayaw
Vehumet
Wu Jian
Xom
Yredelemnul

Shops:
D:14 [   Orc:2 ([=*

Annotations:
D:9 exclusion: obsidian statue
D:12 exclusion: ice statue
Lair:1 3 runed translucent doors, Kufaut's ghost, journeyman MiBe
Lair:4 2 transporters, exclusion: oklob plant
Lair:5 2 runed translucent doors


Innate Abilities, Weirdness & Mutations

You are surrounded by a strong repulsion field. (EV +4, RMsl)
A demonic guardian rushes to your aid.
You regenerate a little health from kills.
Your touch may irresistibly damage your foes and sap their willpower.
You occasionally shout uncontrollably at your foes.


Message History

You regained 29 hp, and now have 51/126 hp.
Casting: Sticky Flame (safe; 1% risk of failure)
Confirm with . or Enter, or press ? or * to list all spells.
Aiming: Sticky Flame (safe; 1% risk of failure)
Press: ? - help, Shift-Dir - straight line, f/p - torpor snail
Aim: a torpor snail (moderately wounded, not watching you, ally target)
The sticky flame hits the torpor snail.
The torpor snail is moderately wounded.
The torpor snail is covered in liquid flames!
The torpor snail burns! x2; The torpor snail bites you!!
* * * LOW HITPOINT WARNING * * *
The torpor snail misses you.
Your smoke demon hits the torpor snail.
Your smoke demon hits the torpor snail but does no damage. x2
You take 17 damage, and have 34/126 hp.
You now have 4/31 mp.
You catch the helpless torpor snail completely off-guard!
You hit the torpor snail.
The torpor snail is severely wounded.
The torpor snail burns!
A hornet comes into view.
You yell at the hornet!
The torpor snail bites you!
* * * LOW HITPOINT WARNING * * *
A demonic guardian appears!
The torpor snail misses you.
Your smoke demon hits the torpor snail but does no damage.
Your smoke demon hits the torpor snail.
Your smoke demon hits the torpor snail but does no damage.
You take 15 damage, and have 19/126 hp.
You feel better.
The torpor snail burns! x2
The torpor snail bites you but does no damage.
The torpor snail bites you!!
* * * LOW HITPOINT WARNING * * *
Your smoke demon hits the torpor snail.
The torpor snail dies!
Vehumet accepts your kill.
Your Dodging skill increases to level 10!
You take 12 damage, and have 7/126 hp.
As you read the scroll of fear, it crumbles to dust.
You assume a fearsome visage.
The torpor snail easily resists.
Your rust devil is no longer moving slowly.
The torpor snail bites you!
You die...

..... #.....#...# ...!#
##...#.#### ..PP ##.P...## #
####..P #..##### $ .. #.#...
#...# $ ...####... ##..## $$
#.......w#### ##..## $.$
######.....†.#w## #....###$$
##...####......#@# ###...#+#
#.....# ####...†### ##
##..P## ##....# ##.34..##.#
###..8# #..### ####..#.....##
##....##
#)...###.....##.....###....##
##.....†....######.......###
###....##### #.##.P.###
###### ########


You could see a torpor snail (ally target), a friendly rust devil (summoned) and
a friendly smoke demon (summoned, slow).

Vanquished Creatures
  Rupert (Lair:4)
  Snorg (Lair:4)
  4 hydras
  7 centaur warriors
  2 ice dragons (D:15)
  A catoblepas (D:14)
  4 boulder beetles
  3 two-headed ogres
  3 orc high priests (Orc:2)
  Sonja (D:12)
  A skyshark (Lair:1)
  An orb spider (Spider:1)
  A bog body (Lair:3)
  2 deep elf pyromancers
  2 wizards (D:14)
  7 orc knights
  3 wolf spiders (Spider:1)
  4 orc sorcerers
  8 ugly things
  5 cyclopes
  A manticore (D:11)
  4 black mambas
  11 elephants
  A demonic crawler (Spider:1)
  Joseph (D:8)
  8 cane toads
  2 torpor snails (Lair:5)
  A gargoyle (D:11)
  4 rime drakes
  3 kobold demonologists
  An unseen horror (D:11)
  4 yaktaurs (D:15)
  2 tengu conjurers (D:14)
  5 komodo dragons
  A freezing wraith (D:14)
  12 hornets
  A meliai (shapeshifter) (D:14)
  4 trolls
  4 tarantellas (Spider:1)
  2 tyrant leeches (Lair:5)
  A wind drake (shapeshifter) (D:15)
  10 blink frogs
  3 shadows
  7 jumping spiders
  Eustachio (D:6)
  13 slime creatures (D:14)
  57 yaks
  2 vampires
  4 wyverns
  3 wraiths
  3 basilisks
  2 steam dragons (D:7)
  2 redbacks (Spider:1)
  3 vampire mosquitoes
  Grum (Lair:1)
  5 wargs
  2 acid dragons
  8 water moccasins
  Duvessa (D:4)
  An ice beast (D:7)
  23 orc warriors
  A black bear (D:6)
  2 sky beasts
  13 wolves
  6 ogres
  20 centaurs
  4 phantoms
  A gnoll sergeant (D:8)
  4 kobold brigands
  9 bullfrogs
  A scorpion (D:7)
  12 wights
  Dowan (D:4)
  12 killer bees
  2 howler monkeys
  4 jellies
  22 orc priests
  A hound (D:4)
  3 gnoll boudas
  5 iguanas
  16 orc wizards
  2 adders (D:3)
  A shadow imp (D:8)
  A white imp (D:6)
  2 ufetubi
  4 worms
  51 orcs
  3 ball pythons
  4 endoplasms
  8 giant cockroaches
  5 goblins
  5 hobgoblins
  10 jackals
  7 kobolds
  7 quokkas
  12 bats
  7 frilled lizards
  5 rats
558 creatures vanquished.

Vanquished Creatures (collateral kills)
  An ironbound preserver (D:14)
  An eleionoma (Lair:3)
  A lindwurm (Lair:5)
  A black mamba (Lair:2)
  2 torpor snails (Lair:5)
  A tyrant leech (Lair:5)
  2 blink frogs (Lair:2)
  A steam dragon (D:8)
  A warg (D:15)
  2 water moccasins
  A necrophage (D:6)
  2 orc priests
  2 orc wizards
  A ball python (D:3)
  A jackal (D:2)
20 creatures vanquished.

Vanquished Creatures (others)
  5 foxfires (Swamp:1)
  23 fungi
  56 plants
  4 withered plants (D:15)
88 creatures vanquished.

Grand Total: 666 creatures vanquished

Notes
Turn   | Place    | Note
-------+----------+-------------------------------------------
     0 | D:1      | jasper the Demonspawn Hedge Wizard began the quest for the
                  | Orb.
     0 | D:1      | Reached XP level 1. HP: 13/13 MP: 4/4
   404 | D:1      | Gained mutation: Your touch may inflict minor irresistible
                  | damage on your foes. [demonic ancestry]
   404 | D:1      | Reached XP level 2. HP: 20/20 MP: 3/6
   498 | D:1      | Learned a level 1 spell: Slow
   501 | D:1      | Learned a level 2 spell: Call Imp
   504 | D:1      | Learned a level 2 spell: Blink
   588 | D:1      | Reached skill level 1 in Fighting
   706 | D:1      | Found a faded altar of an unknown god.
  1068 | D:2      | Gained mutation: You are surrounded by a mild repulsion
                  | field. (EV +2) [demonic ancestry]
  1068 | D:2      | Reached XP level 3. HP: 26/26 MP: 1/7
  2182 | D:2      | Reached skill level 1 in Unarmed Combat
  2326 | D:2      | Gained mutation: You regenerate a little health from kills.
                  | [demonic ancestry]
  2326 | D:2      | Reached XP level 4. HP: 30/33 MP: 6/9
  3163 | D:3      | Reached skill level 2 in Fighting
  3317 | D:3      | Learned a level 2 spell: Cigotuvi's Dreadful Rot
  3321 | D:3      | Learned a level 3 spell: Mephitic Cloud
  3384 | D:4      | Noticed a phantom
  3418 | D:4      | Killed a phantom
  3419 | D:4      | Gained mutation: You are surrounded by a moderate repulsion
                  | field. (EV +3) [demonic ancestry]
  3419 | D:4      | Reached XP level 5. HP: 19/39 MP: 10/10
  3602 | D:4      | Reached skill level 1 in Translocations
  3739 | D:4      | Noticed an ogre
  3750 | D:4      | Killed an ogre
  3751 | D:4      | Reached XP level 6. HP: 46/46 MP: 12/12
  3811 | D:4      | Reached skill level 3 in Fighting
  3865 | D:4      | Noticed Duvessa
  3996 | D:5      | Entered Level 5 of the Dungeon
  4232 | D:6      | Noticed a water moccasin
  4251 | D:6      | Killed a water moccasin
  4252 | D:6      | Reached XP level 7. HP: 41/53 MP: 13/13
  4416 | D:6      | Learned a level 4 spell: Flame Wave
  4455 | D:6      | Reached skill level 4 in Fighting
  4681 | D:6      | Noticed Eustachio
  4693 | D:6      | Killed Eustachio
  4694 | D:6      | Reached skill level 5 in Spellcasting
  4918 | D:5      | Reached skill level 1 in Necromancy
  4918 | D:5      | Reached skill level 1 in Poison Magic
  4988 | D:5      | Gained mutation: A weak demonic guardian rushes to your
                  | aid. [demonic ancestry]
  4988 | D:5      | Reached XP level 8. HP: 55/61 MP: 15/15
  5054 | D:6      | Found an iron altar of Okawaru.
  5081 | D:6      | Reached skill level 1 in Air Magic
  5625 | D:7      | Found an opulent altar of Gozag.
  5673 | D:7      | Reached skill level 5 in Fighting
  5673 | D:7      | Reached skill level 1 in Fire Magic
  5961 | D:7      | Gained mutation: A demonic guardian rushes to your aid.
                  | [demonic ancestry]
  5961 | D:7      | Reached XP level 9. HP: 59/64 MP: 17/17
  6175 | D:7      | Reached skill level 5 in Unarmed Combat
  6278 | D:7      | Found a staircase to the Ecumenical Temple.
  6337 | Temple   | Entered the Ecumenical Temple
  6476 | Temple   | Became a worshipper of Vehumet
  6559 | D:7      | Learned a level 4 spell: Sticky Flame
  7208 | D:8      | Got Sif Muna's Information on Flashy Clouds
  7210 | D:8      | Found a hazy altar of Hepliaklqana.
  7268 | D:8      | Reached skill level 5 in Conjurations
  7274 | D:8      | Reached skill level 6 in Fighting
  7465 | D:8      | Learned a level 3 spell: Stone Arrow
  7664 | D:8      | Reached * piety under Vehumet
  7664 | D:8      | Offered knowledge of Freeze by Vehumet.
  7757 | D:8      | Found a shimmering altar of Xom.
  7790 | D:8      | Found Zin's Purification Station.
  7798 | D:8      | Bought a potion of curing for 90 gold pieces
  7813 | D:8      | Noticed Joseph
  7822 | D:8      | Killed Joseph
  8021 | D:9      | Noticed an obsidian statue
  8073 | D:9      | Reached skill level 5 in Fire Magic
  8073 | D:9      | Gained mutation: Your touch may inflict irresistible damage
                  | on your foes. [demonic ancestry]
  8073 | D:9      | Reached XP level 10. HP: 72/77 MP: 20/20
  8083 | D:9      | Reached skill level 1 in Earth Magic
  8594 | D:9      | Noticed a boulder beetle
  8812 | D:9      | Killed a boulder beetle
  8937 | D:9      | Noticed a soul eater
  8940 | D:9      | Reached skill level 7 in Fighting
  9007 | D:9      | Found a snail-covered altar of Cheibriados.
  9016 | D:9      | Found a stormy altar of Qazlal.
  9247 | D:10     | Entered Level 10 of the Dungeon
  9472 | D:10     | Reached ** piety under Vehumet
  9472 | D:10     | Offered knowledge of Static Discharge by Vehumet.
  9490 | D:10     | Reached skill level 5 in Earth Magic
  9705 | D:10     | Gained mutation: Your touch may irresistibly damage your
                  | foes and sap their willpower. [demonic ancestry]
  9705 | D:10     | Reached XP level 11. HP: 73/84 MP: 22/22
  9940 | D:10     | Found a runed translucent door.
 10272 | D:11     | Found a gate leading to a gauntlet.
 10283 | D:11     | Noticed a soul eater
 10288 | D:11     | Reached skill level 8 in Fighting
 10290 | Gauntlet | Entered a Gauntlet
 10290 | Gauntlet | Found a transporter.
 10290 | Gauntlet | Found a transporter.
 10299 | Gauntlet | Noticed a sixfirhy
 10338 | Gauntlet | Found a transporter.
 10341 | Gauntlet | Found a transporter.
 10352 | Gauntlet | Found a transporter.
 10354 | Gauntlet | Found a transporter.
 10355 | Gauntlet | Noticed a ghost crab
 10360 | Gauntlet | Found a transporter.
 10378 | Gauntlet | Found a transporter.
 10389 | Gauntlet | Noticed an entropy weaver
 10398 | Gauntlet | Found a transporter.
 10400 | Gauntlet | Found a transporter.
 10411 | Gauntlet | Found a transporter.
 10413 | Gauntlet | Found a transporter.
 11000 | D:11     | Offered knowledge of Poisonous Vapours by Vehumet.
 11034 | D:11     | Noticed a two-headed ogre
 11045 | D:11     | Killed a two-headed ogre
 11135 | D:11     | Found a staircase to the Lair.
 11410 | D:12     | Found a blossoming altar of Fedhas.
 11434 | Lair:1   | Entered Level 1 of the Lair of Beasts
 11434 | Lair:1   | Found a runed translucent gate.
 11506 | Lair:1   | Found a runed translucent gate.
 11506 | Lair:1   | Found a runed translucent gate.
 11507 | Lair:1   | Noticed Kufaut's ghost (journeyman MiBe)
 11841 | Lair:1   | Noticed Grum
 11875 | Lair:1   | Reached *** piety under Vehumet
 11921 | Lair:1   | Killed Grum
 12092 | Lair:1   | Reached skill level 9 in Fighting
 12227 | Lair:1   | Gained mutation: You are surrounded by a strong repulsion
                  | field. (EV +4, RMsl) [demonic ancestry]
 12227 | Lair:1   | Reached XP level 12. HP: 95/95 MP: 22/24
 13395 | Lair:2   | Offered knowledge of Kindle Blastsparks by Vehumet.
 13568 | Lair:2   | Identified the +4 robe "Seodghih" {Int+5}
 13856 | Lair:2   | Reached skill level 10 in Fighting
 14485 | Lair:3   | Reached **** piety under Vehumet
 14656 | Lair:3   | Found a hole to the Spider Nest.
 14712 | Lair:3   | Found a staircase to the Swamp.
 15463 | Lair:4   | Found a transporter.
 15523 | Lair:4   | Found a transporter.
 15548 | Lair:4   | Noticed Snorg
 15554 | Lair:4   | Noticed a six-headed hydra
 15577 | Lair:4   | Killed a six-headed hydra
 15577 | Lair:4   | Offered knowledge of Fireball by Vehumet.
 15579 | Lair:4   | Killed Snorg
 15755 | Lair:4   | Learned a level 5 spell: Fireball
 15947 | Lair:4   | Reached XP level 13. HP: 31/104 MP: 26/26
 15948 | Lair:4   | Noticed Rupert
 15964 | Lair:4   | Paralysed by Rupert for 2 turns
 16688 | D:10     | Reached skill level 5 in Dodging
 16988 | D:8      | Reached skill level 11 in Fighting
 18760 | D:4      | Noticed Dowan
 18763 | D:4      | Killed Duvessa
 18767 | D:4      | Killed Dowan
 19369 | D:12     | Noticed Sonja
 19372 | D:12     | Killed Sonja
 20223 | D:12     | Reached ***** piety under Vehumet
 20311 | D:12     | Offered knowledge of Ozocubu's Refrigeration by Vehumet.
 20408 | D:12     | Found a staircase to the Orcish Mines.
 20862 | Orc:1    | Entered Level 1 of the Orcish Mines
 21543 | Orc:2    | Entered Level 2 of the Orcish Mines
 21560 | Orc:2    | Found a flickering gateway to a bazaar.
 21584 | Orc:2    | Reached skill level 10 in Spellcasting
 21607 | Bazaar   | Entered a bazaar
 21607 | Bazaar   | Found Copsocer's Antique Armour Emporium.
 21607 | Bazaar   | Found Xola's Antique Weapon Emporium.
 21719 | Bazaar   | Found Tirghici's Magic Scroll Boutique.
 21730 | Bazaar   | Found Dikuaph's Book Shoppe.
 21750 | Bazaar   | Found Firip's General Store.
 21758 | Bazaar   | Bought a scroll of enchant armour for 90 gold pieces
 21758 | Bazaar   | Bought a scroll of teleportation for 36 gold pieces
 21758 | Bazaar   | Bought a potion of curing for 36 gold pieces
 21758 | Bazaar   | Bought a potion of curing for 36 gold pieces
 21781 | Bazaar   | Bought a scroll of teleportation for 48 gold pieces
 21781 | Bazaar   | Bought a scroll of fear for 64 gold pieces
 21781 | Bazaar   | Bought a scroll of immolation for 64 gold pieces
 22088 | Orc:2    | Found a staircase to the Elven Halls.
 22167 | Orc:2    | Gained mutation: You occasionally shout uncontrollably at
                  | your foes. [a neqoxec]
 22790 | Orc:2    | Reached skill level 12 in Fighting
 23344 | Orc:2    | Found Diewaon's Assorted Antiques.
 23349 | Orc:2    | Found Wemo's Armour Shoppe.
 23353 | Orc:2    | Bought a scroll of fear for 128 gold pieces
 23356 | Orc:2    | Found Uhapp's Weapon Shoppe.
 23358 | Orc:2    | Found Jidod's Jewellery Shop.
 23367 | Orc:2    | Bought a +6 ring of intelligence for 576 gold pieces
 23367 | Orc:2    | Bought an amulet of magic regeneration for 480 gold pieces
 23649 | Lair:4   | Paralysed by Rupert for 4 turns
 23960 | Lair:5   | Entered Level 5 of the Lair of Beasts
 25041 | D:13     | Reached XP level 14. HP: 116/116 MP: 25/28
 25900 | D:14     | Offered knowledge of Olgreb's Toxic Radiance by Vehumet.
 26024 | D:14     | Found Owucw's Antique Armour Shoppe.
 26044 | D:14     | Bought an embroidered cloak for 157 gold pieces
 26335 | D:14     | Noticed an ironbound preserver
 26351 | D:14     | Killed an ironbound preserver
 26352 | D:14     | Reached skill level 13 in Fighting
 26352 | D:14     | Reached skill level 1 in Shields
 26528 | D:14     | Found a gate to the Vaults.
 26940 | D:15     | Entered Level 15 of the Dungeon
 27411 | D:15     | Learned a level 4 spell: Summon Lightning Spire
 27512 | D:15     | Found a staircase to the Depths.
 27588 | D:15     | Found an ancient bone altar of Kikubaaqudgha.
 29043 | Swamp:1  | Entered Level 1 of the Swamp
 29285 | Spider:1 | Entered Level 1 of the Spider Nest
 30175 | Lair:4   | Killed Rupert
 30736 | Lair:4   | Reached XP level 15. HP: 125/125 MP: 5/31
 30778 | Lair:5   | Found a runed translucent door.
 30877 | Lair:5   | Offered knowledge of Lee's Rapid Deconstruction by Vehumet.
 30958 | Lair:5   | Reached skill level 14 in Fighting
 31248 | Lair:5   | Found a runed translucent door.
 31384 | Lair:5   | Paralysed by a hornet for 1 turns
 31398 | Lair:5   | Reached skill level 10 in Dodging
 31398 | Lair:5   | Slain by a torpor snail

Illustrated notes

Levels and vault maps discovered:
D:1:      ncdulo_wetmaze, layout_rooms, basic_ecumenical_altar, minivault_14
D:2:      cheibrodos_old_hovel, layout_loops_corners
D:3:      layout_basic
D:4:      layout_cave_pods, uniq_duvessa
D:5:      layout_cave_pools, elyvilon_altar_4, serial_park, serial_park_tiny_1,
          serial_park_square2, serial_park_square2, serial_park_gazebo
          [serial_park_minivault_5x5_1]
D:6:      layout_gridville, mainiacjoe_overflow_24_doors,
          minmay_misc_feat_rugged, uniq_eustachio
D:7:      layout_basic, nicolae_gozag_seed_capital, minmay_temple_entry_wispy
D:8:      layout_cave_pools, amcnicky_altar_gilded,
          mainiacjoe_overflow_alcove_4, zin_purify, serial_park,
          serial_park_square1 [serial_park_minivault_5x5_3], serial_park_square3
          [serial_park_minivault_5x5_4], serial_park_tiny_2, serial_park_square3
          [serial_park_minivault_5x5_8], serial_park_tiny_pond,
          kennysheep_kite_vault, uniq_joseph
D:9:      layout_roguey, mainiacjoe_overflow_swirl, minmay_statue_bubble
D:10:     layout_rooms, lightli_church_of_beogh
D:11:     layout_loops_ring, lair_entry_dummy, gauntlet_entry_generic,
          st_stairs_1, hangedman_decor_points, minmay_tree_intersection
D:12:     layout_roguey, david_orc_1_choice, minivault_16,
          fedhas_altar_fruit_tree, uniq_sonja
D:13:     layout_stronghold
D:14:     layout_irregular_city, skrybe_vaults_entry_preservation, serial_shops,
          shop, minivault_27, david_defended_altar_orc
D:15:     grunt_enter_depths_hoard, layout_layer_cave,
          kiku_gazebo_garden_becter, chequers_serial_rivers_micro_c
Temple:   nicolae_temple_superstar
Lair:1:   layout_loops_ring, gammafunk_ghost_necromancy, uniq_grum
Lair:2:   layout_big_grid, serial_bayou_shore_b, infiniplex_staircase_pool_2,
          lemuel_fruit_tree
Lair:3:   layout_regular_city, skrybe_swamp_entry_bodies,
          spider_nest_entry_web_field, dreamdust_gnoll_shepherd,
          infiniplex_staircase_pool
Lair:4:   gammafunk_cloud_chamber, layout_gridlike, lemuel_fruit_fields,
          uniq_snorg, uniq_rupert
Lair:5:   hangedman_lair_caniforms_friends, layout_big_grid, wormcave,
          slime_entry_2, bobbens_ice_dragon_lair, uniq_nessos
Swamp:1:  layout_falls_marsh, hangedman_swamp_pad
Spider:1: layout_cave_pods, hangedman_spider_tarantella_strand
Orc:1:    layout_caves
Orc:2:    st_orc_elflike, layout_caves, serial_shops, bzr_entry_gold,
          mines_bat_river

Skill      XL: |  1  2  3  4  5  6  7  8  9 10 11 12 13 14 15 |
---------------+----------------------------------------------+-----
Fighting       | 1 2 3 4 5 6 7 9 10 12 13 14 | 14.2
Conjurations   | 2 3 5 7 8 9 |  9.3
Unarmed Combat | 1 2 3 4 5 |  5.0
Summonings     | 2 |  2.1
Spellcasting   | 4 5 6 7 8 9 10 12 | 12.5
Translocations | 1 2 |  2.0
Necromancy     | 1 2 |  2.0
Poison Magic   | 1 2 |  2.0
Air Magic      | 2 |  2.0
Fire Magic     | 2 5 |  5.0
Earth Magic    | 5 8 9 |  9.3
Dodging        | 4 7 9 10 | 10.0
Shields        | 4 |  4.0
Stealth        | |  1.7

Action                     |  1- 3 |  4- 6 |  7- 9 | 10-12 | 13-15 || total
---------------------------+-------+-------+-------+-------+-------++-------
  Melee: Dagger            |     9 |       |       |       |       ||     9
         Unarmed           |    58 |    41 |   234 |   185 |    88 ||   606
         Touch             |    15 |     9 |    44 |    56 |    11 ||   135
         Punch             |     1 |       |     9 |     8 |     2 ||    20
   Fire: Sling             |       |    88 |     8 |       |       ||    96
  Throw: Dart              |       |       |       |       |     1 ||     1
   Cast: Magic Dart        |   104 |     4 |    52 |     4 |     6 ||   170
         Call Imp          |     2 |    10 |     7 |       |       ||    19
         Blink             |       |     1 |       |       |     8 ||     9
         Mephitic Cloud    |       |       |     6 |    11 |    14 ||    31
         Flame Wave        |       |       |    10 |       |       ||    10
         Sticky Flame      |       |       |     5 |   104 |    86 ||   195
         Stone Arrow       |       |       |       |   158 |   659 ||   817
         Cigotuvi's Dreadf |       |       |       |     1 |     1 ||     2
         Summon Lightning  |       |       |       |       |    16 ||    16
  Evoke: Tin of tremorston |       |       |       |       |     2 ||     2
         Wand              |       |       |       |       |     3 ||     3
    Use: Scroll            |       |     8 |    11 |    10 |    16 ||    45
         Potion            |       |       |     3 |     1 |     9 ||    13
   Stab: Sleeping          |     1 |       |     1 |     1 |       ||     3
         Confused          |       |       |     8 |     3 |       ||    11
         Distracted        |       |       |       |       |     2 ||     2
 Armour: Robe              |    12 |    13 |    15 |    12 |   120 ||   172
         Steam dragon scal |       |       |    54 |    95 |       ||   149
         Skin              |       |       |    20 |       |       ||    20
  Dodge: Dodged            |    54 |    51 |   142 |   262 |   421 ||   930
         Repelled          |       |       |       |     2 |     4 ||     6
  Block: Other             |       |       |       |       |    31 ||    31
         Reflection        |       |       |       |       |    10 ||    10
         Buckler           |       |       |       |       |    54 ||    54

Table legend: (Time is in decaauts)
 A = Elapsed time spent in this place.
 B = Non-inter-level travel time spent in this place.
 C = Inter-level travel time spent in this place.
 D = Time resting spent in this place.
 E = Time spent auto-exploring this place.
 F = Levels seen in this place.
 G = Mean time per level.
                   A        B        C        D        E       F      G
               +--------+--------+--------+--------+--------+-----+--------+
         Total |  31449 |  29575 |   1874 |   5387 |  19389 |  27 | 1164.8 |
       Dungeon |  20701 |  19366 |   1335 |   2742 |  13551 |  15 | 1380.1 |
        Temple |    152 |    115 |     37 |      0 |    100 |   1 |  152.0 |
          Lair |   7336 |   6873 |    463 |   1487 |   4281 |   5 | 1467.2 |
         Swamp |      4 |      4 |      0 |      0 |      0 |   1 |    4.0 |
   Spider Nest |    522 |    522 |      0 |    247 |    123 |   1 |  522.0 |
  Orcish Mines |   2362 |   2325 |     37 |    911 |   1025 |   2 | 1181.0 |
        Bazaar |    177 |    177 |      0 |      0 |    148 |   1 |  177.0 |
      Gauntlet |    191 |    191 |      0 |      0 |    160 |   1 |  191.0 |
               +--------+--------+--------+--------+--------+-----+--------+

Top non-repeatable levels by time:
  Lair:1: 2011 daAuts
  Lair:4: 1927 daAuts
  Lair:3: 1870 daAuts
    D:14: 1821 daAuts
     D:9: 1801 daAuts
    D:12: 1792 daAuts
     D:6: 1783 daAuts
     D:2: 1699 daAuts
    D:15: 1626 daAuts
     D:8: 1525 daAuts
   Orc:2: 1500 daAuts
     D:7: 1457 daAuts
    D:10: 1353 daAuts
    D:11: 1299 daAuts
     D:4: 1081 daAuts
